 Dungeon Sprint DCSS version 0.30-a0-1085-g990a428a5c (webtiles) character file.

Game seed: 4583034631160407885

42209 rocky1 the Sorcerer (level 13, -4/74 HPs)
             Began as a Deep Elf Earth Elementalist on Apr 10, 2023.
             Was the Champion of Vehumet.
             Slain by a ghost moth (11 damage)
             ... in the Dungeon (Sprint VII: "The Pits") on Apr 17, 2023.
             The game lasted 00:33:48 (6813 turns).

rocky1 the Sorcerer (Deep Elf Earth Elementalist)   Turns: 6813, Time: 00:33:49

Health: -4/74      AC: 11    Str:  2 (5)  XL:     13   Next: 84%
Magic:  0/44       EV: 21    Int: 32      God:    Vehumet [******]
Gold:   53         SH:  5    Dex: 12 (15) Spells: 34/63 levels left

rFire   + . .      SeeInvis .    k - +9 rapier "Ybuutu" {flame, rCorr}
rCold   . . .      Faith    .    (no shield)
rNeg    . . .      Spirit   .    E - +2 robe {rF+}
rPois   .          Reflect  +    G - +0 helmet {Int+3}
rElec   .          Rampage  .    n - +0 cloak
rCorr   +          NoTele   +    F - +2 pair of gloves {hurl}
Will    +....                    H - +1 pair of boots
Stlth   +++                      u - amulet of reflection
HPRegen 0.32/turn                g - +3 ring of evasion
MPRegen 0.29/turn                l - +3 ring of intelligence

@: studying Polearms
A: no striking features
a: Renounce Religion


You were in the Dungeon.
You worshipped Vehumet.
Vehumet was exalted by your worship.
You visited 1 branch You collected 53 gold pieces.

Inventory:

Hand Weapons
 b - the +6 scimitar "Byed" {flame, rPois}
   (You took it off a gnoll sergeant in the Dungeon)

   rPois:     It protects you from poison.
 k - the +9 rapier "Ybuutu" (weapon) {flame, rCorr}
   (You found it in the Dungeon)

   rCorr:     It protects you from acid and corrosion.
 q - a +4 quarterstaff of speed
 v - the +3 glaive of the Sharing Owl {pain, Str+5}
   (You found it in the Dungeon)

   Str:       It affects your strength (+5).
Armour
 n - a +0 cloak (worn)
 o - a +0 pair of boots
 p - a +0 pair of gloves
 D - a +0 buckler
 E - a +2 robe of fire resistance (worn)
 F - a +2 pair of gloves of hurling (worn)
 G - a +0 helmet of intelligence (worn)
 H - a +1 pair of boots (worn)
 I - the +1 leather armour "Xumepues" {rF+ rC+ Will-}
   (You found it in the Dungeon)

   rF:        It protects you from fire.
   rC:        It protects you from cold.
   Will:      It decreases your willpower.
Jewellery
 a - a ring of poison resistance
 g - a +3 ring of evasion (left hand)
 l - a +3 ring of intelligence (right hand)
 t - a ring of fire
 u - an amulet of reflection (around neck)
 C - a ring of see invisible
Scrolls
 i - 5 scrolls of amnesia
 j - a scroll of butterflies
 x - a scroll of identify
 y - 4 scrolls of enchant weapon
 z - 3 scrolls of fear
 B - 2 scrolls of enchant armour
Potions
 c - 9 potions of curing
 d - 12 potions of heal wounds
 f - 3 potions of berserk rage
 h - 3 potions of invisibility
 m - a potion of resistance
 r - 4 potions of brilliance
 s - a potion of mutation
Miscellaneous
 w - a condenser vane


   Skills:
 + Level 5.8 Fighting
 + Level 15.2 Dodging
 - Level 5.8 Stealth
 + Level 25.5 Spellcasting
 + Level 17.2 Conjurations
 + Level 11.6 Summonings
 - Level 1.2 Transmutations
 + Level 14.3 Ice Magic
 - Level 8.3 Air Magic
 - Level 18.8 Earth Magic


You had 34 spell levels left.
You knew the following spells:

 Your Spells              Type           Power      Damage    Failure   Level
a - Sandblast             Erth           100%       2d20      0%          1
b - Stone Arrow           Conj/Erth      100%       3d13      0%          3
c - Freezing Cloud        Conj/Ice/Air   45%        6-21      1%          5
d - Ozocubu's Refrigerat  Ice            46%        4d17      1%          7
e - Iron Shot             Conj/Erth      51%        9d10      1%          6
f - Spellforged Servitor  Conj/Summ      46%        N/A       1%          7

Your spell library contained the following spells:

 Spells                   Type           Power      Damage    Failure   Level
 Maxwell's Capacitive Co  Air            38%        ∞         32%         8
 Chain Lightning          Conj/Air       44%        3d59      58%         9
 Fire Storm               Conj/Fire      38%        8d10      98%         9
 Passwall                 Tmut/Erth      67%        N/A       0%          2
 Ignite Poison            Fire/Tmut/Pois 43%        N/A       1%          3
 Petrify                  Tmut/Erth      81%        N/A       1%          4
 Silence                  Hex/Air        30%        N/A       3%          5
 Cause Fear               Hex            20%        N/A       6%          4
 Enfeeble                 Hex            20%        N/A       99%         7


Dungeon Overview and Level Annotations

Branches:
Dungeon (1/1)

Altars:
Ashenzari
Cheibriados
Dithmenos
Elyvilon
Fedhas
Gozag
Hepliaklqana
Kikubaaqudgha
Makhleb
Nemelex Xobeh
Okawaru
Qazlal
Ru
Sif Muna
Trog
Uskayaw
Vehumet
Wu Jian
Xom
Yredelemnul
Zin
The Shining One
Jiyva
Lugonu


Message History

You feel weakened.
Something stings you but does no damage.
Things that are here:
a +0 robe; a +0 dagger
Aiming: Iron Shot (safe; 1% risk of failure)
Press: ? - help, Q - select action, (/) - cycle Shift-Dir - straight line, f - you
Okay, then.
Something hits you but does no damage. x2
Something stings you but does no damage.
Aiming: Iron Shot (safe; 1% risk of failure)
Press: ? - help, Q - select action, (/) - cycle Shift-Dir - straight line The iron shot hits something!!!
You block something's attack. Something hits you but does no damage.
Something barely misses you.
You feel you are being watched by something.
You feel your power leaking away. You block something's attack.
Something hits you but does no damage. Something stings you!
* * * LOW HITPOINT WARNING * * *
Aiming: Iron Shot (safe; 1% risk of failure)
Press: ? - help, Q - select action, (/) - cycle Shift-Dir - straight line Something hits you.
* * * LOW HITPOINT WARNING * * *
Something closely misses you. x2
Unknown command.
Aiming: Iron Shot (safe; 1% risk of failure)
Press: ? - help, Q - select action, (/) - cycle Shift-Dir - straight line You feel you are being watched by something.
You feel your power leaking away. Something hits you.
* * * LOW HITPOINT WARNING * * *
You feel weakened. Something hits you but does no damage. Something stings you!
* * * LOW HITPOINT WARNING * * *
You don't have enough magic to cast this spell.
Unknown command.
You can't see any enemies this would affect, really read the scroll of fear?
As you read the scroll of fear, it crumbles to dust.
You assume a fearsome visage.
Nothing appears to happen.
Something hits you!
You die...

###################
#..................
#............).)...
#..################
#.[{#.#.#.#)#.#.# #
#.@#)#.#.#}#.#.# #
#..##.#.#.#.#)# #
#..#.#.#.#.#:# # #..##.#.#.#.#
# #..################
#############...)[.......).....
#_________.##........)[........
#_________.###########''#######
#_______...###########''#######


There were no monsters in sight!

Vanquished Creatures
  A nagaraja (D)
  A ghost moth (D)
  A spriggan defender (D)
  A stone giant (D)
  A red draconian (D)
  3 eidola (D)
  A fire dragon (D)
  A merfolk impaler (D)
  Josephine (D)
  A hydra (D)
  Erolcha (D)
  A death knight (D)
  A boulder beetle (D)
  2 naga warriors (D)
  A death yak (D)
  A fire crab (D)
  A large abomination (D)
  2 sea snakes (D)
  A swamp dragon (D)
  2 lindwurms (D)
  7 orc knights (D)
  2 phantasmal warriors (D)
  A mana viper (shapeshifter) (D)
  A guardian serpent (D)
  A salamander (D)
  An eye of devastation (D)
  2 smoke demons (D)
  A black mamba (D)
  A cane toad (D)
  A gargoyle (D)
  An orange demon (D)
  A kobold demonologist (D)
  An unseen horror (D)
  4 freezing wraiths (D)
  A guardian mummy (D)
  A komodo dragon (D)
  An ice devil (D)
  2 merfolk (D)
  A troll (D)
  A tyrant leech (D)
  2 snapping turtles (D)
  A hornet (D)
  3 blink frogs (D)
  A jumping spider (D)
  2 wyverns (D)
  A fire bat (D)
  4 wraiths (D)
  A fire elemental (D)
  6 yaks (D)
  8 redbacks (D)
  A steam dragon (D)
  Edmund (D)
  A floating eye (D)
  An ogre (D)
  A centaur (D)
  2 gnoll sergeants (D)
  An earth elemental (D)
  2 scorpions (D)
  3 wights (D)
  A small abomination (D)
  An iron imp (D)
  An orc priest (D)
  2 gnoll boudas (D)
  An iguana (D)
  A mummy (D)
  An adder (D)
  16 gnolls (D)
  A river rat (D)
  A white imp (D)
  An ufetubus (D)
  4 orcs (D)
  A ball python (D)
  A bat skeleton (D)
  An endoplasm (D)
  2 giant cockroaches (D)
  A goblin (D)
  A hobgoblin (D)
  5 jackals (D)
  3 kobolds (D)
  A ball python skeleton (D)
146 creatures vanquished.

Vanquished Creatures (collateral kills)
  A nagaraja (D)
  2 orc warlords (D)
  2 vampire knights (D)
  A hydra (D)
  An anaconda (D)
  3 naga warriors (D)
  A deep elf knight (D)
  Nergalle (D)
  A naga ritualist (D)
  5 orc knights (D)
  A naga mage (D)
  A redback (D)
  A kobold brigand (D)
  A ball python simulacrum (D)
22 creatures vanquished.

Vanquished Creatures (others)
  An adder simulacrum (D)
  2 jackals (D)
3 creatures vanquished.

Grand Total: 171 creatures vanquished

Notes
Turn   | Place    | Note
-------+----------+-------------------------------------------
     0 | D        | rocky1 the Deep Elf Earth Elementalist began the quest for
                  | the Orb.
     0 | D        | Reached XP level 1. HP: 10/10 MP: 6/6
    45 | D        | Found a bloodstained altar of Trog.
    45 | D        | Found a shimmering blue altar of Sif Muna.
    45 | D        | Found a viscous altar of Jiyva.
    45 | D        | Found a hazy altar of Hepliaklqana.
    45 | D        | Found an opulent altar of Gozag.
    46 | D        | Found a glowing golden altar of the Shining One.
    46 | D        | Found a glowing silver altar of Zin.
    46 | D        | Found a basalt altar of Yredelemnul.
    46 | D        | Found a shimmering altar of Xom.
    46 | D        | Found an ornate altar of the Wu Jian Council.
    46 | D        | Found a sacrificial altar of Ru.
    46 | D        | Found a stormy altar of Qazlal.
    46 | D        | Found an iron altar of Okawaru.
    46 | D        | Found a sparkling altar of Nemelex Xobeh.
    46 | D        | Found a burning altar of Makhleb.
    46 | D        | Found a blossoming altar of Fedhas.
    46 | D        | Found a white marble altar of Elyvilon.
    46 | D        | Found a shadowy altar of Dithmenos.
    46 | D        | Found a snail-covered altar of Cheibriados.
    48 | D        | Found a radiant altar of Vehumet.
    48 | D        | Found a corrupted altar of Lugonu.
    49 | D        | Found a hide-covered altar of Uskayaw.
    49 | D        | Found an ancient bone altar of Kikubaaqudgha.
    49 | D        | Found a broken altar of Ashenzari.
    59 | D        | Became a worshipper of Uskayaw the Reveller
    77 | D        | Fell from the grace of Uskayaw
    77 | D        | Became a worshipper of Vehumet
    98 | D        | Reached XP level 2. HP: 15/15 MP: 4/8
   104 | D        | Reached * piety under Vehumet
   104 | D        | Offered knowledge of Kiss of Death by Vehumet.
   105 | D        | Reached skill level 4 in Spellcasting
   105 | D        | Reached skill level 5 in Earth Magic
   107 | D        | Reached XP level 3. HP: 10/19 MP: 2/11
   184 | D        | Noticed a scorpion
   184 | D        | Noticed a scorpion
   187 | D        | Killed a scorpion
   188 | D        | Reached skill level 6 in Spellcasting
   188 | D        | Reached XP level 4. HP: 24/24 MP: 9/14
   189 | D        | Killed a scorpion
   189 | D        | Reached ** piety under Vehumet
   190 | D        | Reached skill level 8 in Spellcasting
   190 | D        | Reached XP level 5. HP: 28/28 MP: 7/17
   253 | D        | Learned a level 3 spell: Stone Arrow
   255 | D        | Noticed a floating eye
   263 | D        | Offered knowledge of Static Discharge by Vehumet.
   264 | D        | Reached *** piety under Vehumet
   267 | D        | Paralysed by a floating eye for 2 turns
   269 | D        | Killed a floating eye
   270 | D        | Reached skill level 5 in Stealth
   270 | D        | Reached skill level 10 in Spellcasting
   270 | D        | Reached skill level 10 in Earth Magic
   270 | D        | Reached XP level 6. HP: 32/32 MP: 17/21
   270 | D        | Paralysed by the fury of Uskayaw for 2 turns
   272 | D        | Reached **** piety under Vehumet
   280 | D        | Reached skill level 11 in Spellcasting
   281 | D        | Reached ***** piety under Vehumet
   282 | D        | Reached skill level 5 in Dodging
   465 | D        | Noticed Edmund
   468 | D        | Killed Edmund
   468 | D        | Offered knowledge of Momentum Strike by Vehumet.
   469 | D        | Reached skill level 12 in Spellcasting
   739 | D        | Offered knowledge of Flame Wave by Vehumet.
   740 | D        | Reached skill level 1 in Fighting
   740 | D        | Reached XP level 7. HP: 38/38 MP: 19/25
   742 | D        | Noticed a fire bat
   746 | D        | Killed a fire bat
   747 | D        | Reached skill level 13 in Spellcasting
  1053 | D        | Noticed a four-headed hydra
  1053 | D        | Noticed an orange demon
  1065 | D        | Offered knowledge of Inner Flame by Vehumet.
  1073 | D        | Reached ****** piety under Vehumet
  1074 | D        | Reached skill level 1 in Conjurations
  1077 | D        | Reached skill level 14 in Spellcasting
  1231 | D        | Killed a four-headed hydra
  1232 | D        | Reached skill level 15 in Spellcasting
  1232 | D        | Reached XP level 8. HP: 44/44 MP: 18/29
  1264 | D        | Killed an orange demon
  1264 | D        | Offered knowledge of Fulminant Prism by Vehumet.
  1265 | D        | Reached skill level 16 in Spellcasting
  1413 | D        | Noticed a freezing wraith
  1413 | D        | Noticed an ice devil
  1419 | D        | Killed a freezing wraith
  1420 | D        | Reached XP level 9. HP: 49/49 MP: 13/31
  1423 | D        | Killed an ice devil
  1424 | D        | Reached skill level 17 in Spellcasting
  1424 | D        | Reached skill level 15 in Earth Magic
  1601 | D        | Noticed a sea snake
  1603 | D        | Killed a sea snake
  1604 | D        | Reached skill level 5 in Conjurations
  1722 | D        | Noticed a freezing wraith
  1725 | D        | Killed a freezing wraith
  1726 | D        | Reached skill level 18 in Spellcasting
  1915 | D        | Noticed a fire crab
  1919 | D        | Offered knowledge of Freezing Cloud by Vehumet.
  1924 | D        | Killed a fire crab
  1925 | D        | Reached XP level 10. HP: 5/56 MP: 17/34
  2207 | D        | Noticed a lindwurm
  2211 | D        | Killed a lindwurm
  2212 | D        | Reached skill level 19 in Spellcasting
  2216 | D        | Noticed a boulder beetle
  2224 | D        | Upgraded the game from 0.30-a0-1043-g60ff8d5f49 to
                  | 0.30-a0-1074-g5db6f66fbb
  2377 | D        | Learned a level 5 spell: Freezing Cloud
  2390 | D        | Noticed a death yak
  2393 | D        | Offered knowledge of Orb of Destruction by Vehumet.
  2400 | D        | Killed a death yak
  2411 | D        | Reached skill level 20 in Spellcasting
  2411 | D        | Reached skill level 10 in Conjurations
  2414 | D        | Killed a boulder beetle
  2583 | D        | Noticed a sea snake
  2583 | D        | Noticed a gargoyle
  2584 | D        | Noticed a merfolk impaler
  2586 | D        | Reached XP level 11. HP: 45/60 MP: 26/37
  2587 | D        | Killed a sea snake
  2587 | D        | Offered knowledge of Arcjolt by Vehumet.
  2588 | D        | Reached skill level 5 in Ice Magic
  2588 | D        | Reached skill level 5 in Air Magic
  2618 | D        | Upgraded the game from 0.30-a0-1074-g5db6f66fbb to
                  | 0.30-a0-1075-gcd70e7a56d
  2628 | D        | Reached skill level 21 in Spellcasting
  2744 | D        | Killed a merfolk impaler
  2746 | D        | Offered knowledge of Ozocubu's Refrigeration by Vehumet.
  2755 | D        | Learned a level 7 spell: Ozocubu's Refrigeration
  2772 | D        | Noticed Josephine
  2777 | D        | Killed Josephine
  2970 | D        | Offered knowledge of Iron Shot by Vehumet.
  2978 | D        | Learned a level 6 spell: Iron Shot
  3186 | D        | Got the Secrets of the Curse and Vitiation
  3307 | D        | Noticed a swamp dragon
  3307 | D        | Noticed Erolcha
  3309 | D        | Killed a swamp dragon
  3310 | D        | Killed Erolcha
  3311 | D        | Reached skill level 22 in Spellcasting
  3436 | D        | Noticed a lindwurm
  3439 | D        | Killed a lindwurm
  3566 | D        | Noticed a nagaraja
  3574 | D        | Killed a nagaraja
  3575 | D        | Reached XP level 12. HP: 16/64 MP: 24/40
  3740 | D        | Offered knowledge of Spellforged Servitor by Vehumet.
  3749 | D        | Learned a level 7 spell: Spellforged Servitor
  3879 | D        | Noticed a spriggan defender
  3888 | D        | Killed a spriggan defender
  4172 | D        | Was forgiven by Uskayaw
  4234 | D        | Noticed a death knight
  4234 | D        | Noticed a red draconian
  4234 | D        | Noticed an anaconda
  4234 | D        | Noticed Nergalle
  4238 | D        | Killed a death knight
  4239 | D        | Killed a red draconian
  4240 | D        | Reached skill level 10 in Dodging
  4240 | D        | Reached skill level 23 in Spellcasting
  4240 | D        | Killed an anaconda
  4241 | D        | Reached skill level 10 in Ice Magic
  4242 | D        | Reached skill level 5 in Summonings
  4244 | D        | Killed Nergalle
  4244 | D        | Offered knowledge of Fire Storm by Vehumet.
  4244 | D        | Offered knowledge of Chain Lightning by Vehumet.
  4244 | D        | Offered knowledge of Maxwell's Capacitive Coupling by
                  | Vehumet.
  4425 | D        | Noticed a fire dragon
  4425 | D        | Noticed an orc warlord
  4425 | D        | Noticed an orc warlord
  4426 | D        | Noticed an eidolon
  4431 | D        | Killed a fire dragon
  4433 | D        | HP: 1/64 [orc knight/+0 bardiche (40)]
  4434 | D        | Killed an eidolon
  4436 | D        | Reached skill level 15 in Conjurations
  4436 | D        | Killed an orc warlord
  4438 | D        | Reached skill level 24 in Spellcasting
  4438 | D        | Killed an orc warlord
  4439 | D        | Reached XP level 13. HP: 56/68 MP: 35/43
  4734 | D        | Noticed a vampire knight
  4740 | D        | Killed a vampire knight
  4950 | D        | Got the +9 rapier "Ybuutu" {flame, rCorr}
  4953 | D        | Got the +3 glaive of the Sharing Owl {pain, Str+5}
  5063 | D        | Got the +1 leather armour "Xumepues" {rF+ rC+ Will-}
  5291 | D        | Reached skill level 10 in Summonings
  5293 | D        | Noticed a stone giant
  5299 | D        | Killed a stone giant
  5301 | D        | Reached skill level 25 in Spellcasting
  5545 | D        | Identified the +6 scimitar "Byed" {flame, rPois}
  5547 | D        | Noticed an eidolon
  5551 | D        | Killed an eidolon
  5565 | D        | Noticed an eidolon
  5567 | D        | Killed an eidolon
  5638 | D        | Identified the +3 war axe of Feack {heavy, rC- Will+++
                  | rCorr Dex-5}
  5638 | D        | Noticed a nagaraja
  5641 | D        | Reached skill level 5 in Fighting
  5642 | D        | Killed a nagaraja
  5655 | D        | Noticed a vampire knight
  5659 | D        | Killed a vampire knight
  5660 | D        | Reached skill level 15 in Dodging
  6132 | D        | Killed a ghost moth
  6678 | D        | Upgraded the game from 0.30-a0-1075-gcd70e7a56d to
                  | 0.30-a0-1085-g990a428a5c
  6813 | D        | Slain by a ghost moth

Illustrated notes

Levels and vault maps discovered:
D:        pitsprint [storerooms_1, entrance_room_1, metal_vault_1, armoury_2,
          mini_pit_1, grid_room_1, main_hall_1, silver_pit, the_coven_2,
          the_vestibule_1, steel_vault_5, golden_pit, hallway_of_sentries,
          crystal_vault_4, iron_vault_3, final_vault]

Skill      XL: |  1  2  3  4  5  6  7  8  9 10 11 12 13 |
---------------+----------------------------------------+-----
Stealth        | 3 4 5 |  5.8
Earth Magic    | 4 5 7 8 10 12 14 16 17 18 | 18.8
Dodging        | 3 4 5 6 7 8 9 12 15 | 15.2
Spellcasting   | 4 6 8 10 12 15 16 18 20 22 24 25 | 25.5
Fighting       | 1 2 3 5 |  5.8
Conjurations   | 3 4 7 10 13 15 17 | 17.2
Ice Magic      | 4 8 11 14 | 14.3
Air Magic      | 4 8 |  8.3
Summonings     | 8 11 | 11.6
Transmutations | |  1.2

Action                     |  1- 3 |  4- 6 |  7- 9 | 10-12 | 13-15 || total
---------------------------+-------+-------+-------+-------+-------++-------
  Melee: Quarterstaff      |       |       |     3 |       |       ||     3
         Rapier            |       |       |       |       |     3 ||     3
   Cast: Sandblast         |    15 |    25 |       |       |     2 ||    42
         Stone Arrow       |       |     2 |    53 |    88 |    13 ||   156
         Freezing Cloud    |       |       |       |    25 |    16 ||    41
         Iron Shot         |       |       |       |    22 |    34 ||    56
         Spellforged Servi |       |       |       |     2 |     9 ||    11
    Use: Potion            |       |     1 |       |     9 |     8 ||    18
         Scroll            |       |       |     1 |     1 |     3 ||     5
 Armour: Robe              |     3 |     2 |     2 |     3 |    31 ||    41
  Dodge: Dodged            |     7 |     8 |    22 |    40 |    34 ||   111
  Block: Other             |       |       |       |       |     6 ||     6
         Reflection        |       |       |       |       |     1 ||     1

Table legend: (Time is in decaauts)
 A = Elapsed time spent in this place.
 B = Non-inter-level travel time spent in this place.
 C = Inter-level travel time spent in this place.
 D = Time resting spent in this place.
 E = Time spent auto-exploring this place.
 F = Levels seen in this place.
 G = Mean time per level.
                   A        B        C        D        E       F      G
               +--------+--------+--------+--------+--------+-----+--------+
         Total |   6797 |   6733 |     64 |   4867 |      0 |   1 | 6797.0 |
       Dungeon |   6797 |   6733 |     64 |   4867 |      0 |   1 | 6797.0 |
               +--------+--------+--------+--------+--------+-----+--------+

Top non-repeatable levels by time:
       D: 6797 daAuts
